Map: 사이버 포레스트 - 래더

Players

soO - Winner!

  • Race: Zerg Zerg
  • Spawn Location: 5:00

Kelazhur

  • Race: Terran Terran
  • Spawn Location: 11:00

Event: IEM Season 13: Katowice (2019)

VOD

Have the link to the VOD?

Description

Time

  • Played on: Feb. 26, 2019, 5:38 a.m.
  • Length: 9:53

All games in this series

Show
View Real Time Build Order
Export as new Build Order

soO Zerg - Winner!

Build Orders: Hatch First 

Get SALT Encoding   

  12  0:00  Drone  
  13  0:12  Overlord  
  13  0:17  Drone  
  14  0:30  Drone x2  
  14  0:34  Drone  
  17  0:52  Hatchery  
  17  0:54  Drone  
  17  0:58  Drone  
  18  1:08  Extractor  
  17  1:12  Spawning Pool  
  17  1:16  Drone  
  17  1:18  Drone  
  18  1:28  Drone  
  19  1:39  Overlord  
  19  1:56  Drone  
  19  1:59  Queen  
  19  2:00  Zergling x2  
  23  2:03  Queen  
  23  2:04  Zergling x2  
  23  2:07  Metabolic Boost  
  26  2:14  Drone  
  26  2:15  Drone  
  28  2:23  Drone  
  28  2:26  Drone  
  30  2:36  Queen  
  32  2:39  Overlord, Drone  
  32  2:47  Drone x2  
  34  2:53  Drone  
  36  2:58  Drone  
  36  3:06  Drone  
  36  3:08  Drone x3  
  36  3:10  Drone  
  41  3:16  Drone  
  41  3:17  Hatchery  
  41  3:19  Drone  
  42  3:20  Queen  
  44  3:31  Overlord  
  44  3:33  Overlord  
  44  3:41  Zergling x2, Roach Warren  
  44  3:50  Zergling x4  
  44  3:52  Drone x3  
  44  3:54  Extractor, Drone x2  
  50  3:56  Queen, Extractor  
  52  4:10  Drone x4  
  52  4:13  Overlord  
  55  4:22  Roach x2, Spore Crawler  
  58  4:28  Roach  
  58  4:31  Roach x3  
  66  4:35  Roach  
  66  4:36  Roach x2  
  72  4:50  Drone  
  72  4:51  Drone  
  73  5:02  Lair  
  73  5:03  Drone  
  73  5:04  Overlord  
  73  5:07  Overlord  
  73  5:09  Drone, Spore Crawler  
  73  5:11  Overlord  
  73  5:17  Overlord  
  73  5:22  Drone  
  73  5:23  Drone x3  
  73  5:24  Drone x2  
  73  5:27  Ravager x3  
  82  5:29  Ravager  
  82  5:31  Drone x2  
  82  5:33  Drone  
  86  5:36  Overlord  
  86  5:48  Drone  
  87  5:54  Drone  
  87  5:55  Drone x2  
  90  5:58  Queen, Drone x2  
  90  5:59  Pneumatized Carapace  
  94  6:05  Overseer  
  94  6:06  Roach x4, Glial Reconstitution  
  94  6:10  Extractor  
  94  6:11  Drone x3  
  102  6:12  Extractor  
  101  6:26  Roach x4  
  101  6:27  Roach x2  
  101  6:28  Overlord x2  
  101  6:32  Drone  
  114  6:37  Overlord  
  114  6:39  Evolution Chamber x2  
  110  6:50  Drone x3  
  110  6:51  Drone  
  114  6:56  Drone x2  
  114  6:57  Extractor, Drone  
  114  6:58  Spore Crawler  
  114  6:59  Spire  
  113  7:02  Drone x2  
  113  7:04  Drone x2  
  113  7:05  Zerg Missile Weapons Level 1, Drone  
  113  7:06  Zerg Ground Armor Level 1  
  115  7:11  Drone x3  
  115  7:12  Roach x2  
  121  7:22  Drone x2  
  119  7:24  Overseer  
  119  7:25  Drone x2  
  122  7:30  Drone x2  
  123  7:40  Drone  
  123  7:41  Overlord, Drone  
  123  7:42  Hatchery  
  123  7:43  Roach x3  
  123  7:44  Roach  
  132  7:46  Roach x2  
  132  8:13  Drone  
  133  8:20  Mutalisk x6  
  133  8:24  Overlord  
  145  8:32  Overlord  
  145  8:34  Overlord, Infestation Pit  
  144  8:45  Drone x10  
  154  8:51  Hydralisk Den  
  153  9:07  Extractor  
  153  9:09  Queen, Drone x3  
  155  9:10  Extractor, Spore Crawler  
  155  9:18  Roach x10  
  169  9:26  Roach  
  156  9:31  Roach x10  
Show
View Real Time Build Order
Export as new Build Order

Kelazhur Terran 

Build Orders: Gas First Reaper Expand, Liberator Opening, Mech 

Get SALT Encoding   

  12  0:01  SCV  
  13  0:13  SCV  
  14  0:17  Supply Depot  
  14  0:25  SCV  
  14  0:27  Refinery  
  15  0:38  SCV  
  16  0:44  Barracks  
  16  0:50  SCV  
  17  1:02  SCV  
  18  1:14  SCV  
  19  1:31  Reaper, Orbital Command  
  20  1:42  Command Center  
  20  1:54  Factory  
  20  1:58  SCV  
  21  2:04  Barracks Reactor  
  21  2:10  SCV  
  21  2:13  Supply Depot  
  22  2:21  Refinery  
  22  2:22  SCV  
  23  2:34  SCV  
  24  2:43  Starport  
  24  2:47  Hellion x2  
  24  2:48  SCV  
  29  2:54  Marine  
  29  2:56  Orbital Command  
  30  3:00  SCV  
  31  3:11  Hellion  
  33  3:13  SCV  
  33  3:18  Hellion  
  36  3:22  Medivac  
  36  3:25  SCV  
  39  3:28  SCV  
  39  3:31  Armory  
  40  3:39  Hellion  
  44  3:41  Hellion  
  44  3:44  SCV x2  
  46  3:51  Supply Depot  
  46  3:55  Liberator  
  46  3:57  Barracks Tech Lab  
  46  4:05  Supply Depot  
  46  4:12  SCV x2  
  46  4:13  Hellion  
  53  4:24  SCV  
  53  4:27  SCV, Hellion  
  53  4:28  Supply Depot  
  57  4:34  Hellion  
  57  4:37  SCV  
  60  4:39  SCV  
  60  4:42  Supply Depot  
  61  4:49  SCV  
  61  4:50  Hellion  
  61  4:51  SCV, Bunker  
  63  4:58  Hellion  
  57  5:01  SCV  
  57  5:03  SCV  
  57  5:05  Banshee, Cloaking Field  
  62  5:11  Hellion  
  62  5:13  SCV  
  65  5:15  SCV  
  65  5:18  Supply Depot x2  
  65  5:19  Hellion  
  65  5:20  Marine  
  69  5:25  SCV  
  69  5:27  SCV  
  71  5:37  SCV, Hellion  
  71  5:39  SCV  
  71  5:40  Supply Depot  
  71  5:41  Hellion  
  77  5:43  Hellion x3  
  77  5:48  Banshee  
  77  5:49  SCV  
  80  5:51  SCV  
  74  6:01  SCV  
  74  6:04  SCV  
  76  6:07  Command Center  
  76  6:10  Refinery x2  
  76  6:13  Factory, SCV  
  76  6:15  Factory  
  76  6:16  SCV  
  78  6:19  Barracks Tech Lab  
  78  6:25  SCV  
  78  6:28  SCV, Hellion x2  
  84  6:37  Supply Depot  
  84  6:40  Supply Depot  
  78  6:47  Starport Tech Lab  
  78  6:52  SCV x2  
  79  6:54  Factory  
  79  6:55  Factory  
  79  6:56  Hellion x2  
  79  6:57  Factory Tech Lab  
  83  7:04  SCV  
  83  7:05  Terran Vehicle Weapons Level 1, SCV  
  83  7:06  Siege Tank x2  
  91  7:08  Engineering Bay  
  91  7:19  SCV  
  91  7:20  Refinery  
  91  7:21  Orbital Command, Hellion x2  
  91  7:22  Refinery  
  88  7:25  Banshee  
  88  7:26  SCV  
  90  7:32  SCV  
  91  7:38  Siege Tank, SCV  
  91  7:40  Factory Reactor  
  91  7:41  Factory Tech Lab  
  92  7:53  Siege Tank  
  92  7:55  SCV x2  
  92  7:56  Hellion x2  
  98  7:59  Supply Depot  
  98  8:00  Supply Depot  
  98  8:01  Supply Depot  
  98  8:08  Supply Depot  
  98  8:09  Supply Depot  
  98  8:21  Siege Tank x2, Banshee  
  98  8:22  Orbital Command  
  98  8:24  Hellion  
  98  8:25  Hellion x3  
  98  8:26  Hellion  
  117  8:33  Hellion x10  
  117  8:35  SCV x2  
  119  8:47  SCV x2, Hellion x2  
  125  8:49  Hellion  
  125  8:51  Refinery  
  125  8:53  Refinery  
  127  8:55  Cyclone  
  127  9:00  Cyclone  
  133  9:12  Viking  
  133  9:13  Missile Turret x2  
  133  9:15  Missile Turret  
  132  9:19  Hellion x2  

Tags
 
Add a new tag
Caveats
  • Supply blocks, unpowered buildings, or Contaminate may cause inaccurate times.
  • Supply counts are checked every 10 seconds.